 Dungeon Crawl Stone Soup version 0.31-a0-948-gf5be29c462 (webtiles) character file.

Game seed: 14081116210751361691

16914 Bnni the Markself (level 12, -11/75 HPs)
             Began as a Deep Elf Hunter on Oct 21, 2023.
             Was a Believer of Fedhas.
             Mangled by a cane toad (19 damage)
             ... on level 1 of the Lair of Beasts.
             The game lasted 00:29:02 (12538 turns).

Bnni the Markself (Deep Elf Hunter)                Turns: 12538, Time: 00:29:03

Health: -11/75     AC: 13    Str:  8    XL:     12   Next: 14%
Magic:  19/19      EV: 21    Int: 16    God:    Fedhas [**....]
Gold:   642        SH:  0    Dex: 25    Spells: 11/11 levels left

rFire   + . .        v - +10 dagger "Vokuppi" {venom, rF+ Dex+3}
rCold   . . .        (no shield)
rNeg    . . .        D - +3 leather armour
rPois   .            A - +0 helmet
rElec   .            (no cloak)
rCorr   .            s - +0 pair of gloves
SInv    +            r - +0 pair of boots
Will    +....        E - amulet of faith
Stlth   ++           g - ring of see invisible
HPRegen 0.32/turn    K - +4 ring of protection
MPRegen 0.16/turn

%: faith
@: no status effects
A: no striking features
a: Renounce Religion, Wall of Briars


You were on level 1 of the Lair of Beasts.
You worshipped Fedhas.
Fedhas was pleased with you.
You visited 3 branches of the dungeon, and saw 13 of its levels.
You also visited: Sewer.

You collected 732 gold pieces.
You spent 90 gold pieces at shops.

Inventory:

Hand Weapons
 a - a +0 orcbow
 v - the +10 dagger "Vokuppi" (weapon) {venom, rF+ Dex+3}
   (You found it on level 5 of the Dungeon)

   Dex+3:     It affects your dexterity (+3).
   rF+:       It protects you from fire.
Missiles
 c - 89 poisoned darts
Armour
 i - a +1 robe of cold resistance
 r - a +0 pair of boots (worn)
 s - a +0 pair of gloves (worn)
 A - a +0 helmet (worn)
 D - a +3 leather armour (worn)
Jewellery
 g - a ring of see invisible (left hand)
 u - an amulet of guardian spirit
 E - an amulet of faith (around neck)
 K - a +4 ring of protection (right hand)
Wands
 y - a wand of roots (18)
 I - a wand of polymorph (7)
 J - a wand of acid (12)
 L - a wand of flame (6)
Scrolls
 e - 2 scrolls of noise {unknown}
 f - a scroll of brand weapon
 j - 2 scrolls of amnesia
 l - 2 scrolls of immolation
 m - 3 scrolls of enchant weapon {unknown}
 t - 4 scrolls of teleportation
 w - 3 scrolls of revelation
 z - 2 scrolls of poison {unknown}
 B - a scroll of silence
 G - 3 scrolls of fear {unknown}
Potions
 d - a potion of might {unknown}
 h - 2 potions of mutation
 n - 3 potions of magic
 o - 2 potions of brilliance
 p - 2 potions of enlightenment
 q - 3 potions of lignification
 F - 2 potions of curing {unknown}
 H - 2 potions of haste


   Skills:
 + Level 8.5 Fighting
 + Level 17.4 Ranged Weapons
 + Level 11.7 Dodging
 - Level 1.2 Stealth
 * Level 7.1 Invocations


You had 11 spell levels left.
You didn't know any spells.
Your spell library contained the following spells:

 Spells                   Type           Power      Damage    Failure   Level
 Sandblast                Erth           0%         2d4       36%         1
 Blink                    Tloc           0%         N/A       50%         2
 Cigotuvi's Dreadful Rot  Necr/Pois/Air  0%         N/A       50%         2
 Passwall                 Tmut/Erth      0%         N/A       50%         2
 Ignite Poison            Fire/Tmut/Pois 0%         N/A       73%         3
 Inner Flame              Hex/Fire       0%         N/A       73%         3
 Stone Arrow              Conj/Erth      0%         3d7       73%         3
 Animate Armour           Summ/Erth      0%         N/A       98%         4
 Brom's Barrelling Bould  Conj/Erth      0%         2d3       98%         4
 Manifold Assault         Tloc           0%         N/A       98%         4
 Summon Lightning Spire   Summ/Air       0%         N/A       98%         4
 Freezing Cloud           Conj/Ice/Air   0%         6-21      100%        5
 Lee's Rapid Deconstruct  Erth           0%         3d4*      100%        5
 Yara's Violent Unravell  Hex/Tmut       0%         3d3       100%        5
 Enfeeble                 Hex            0%         N/A       100%        7


Dungeon Overview and Level Annotations

Branches:
Dungeon (11/15)            Temple (1/1) D:7            Lair (1/5) D:8
    Orc (0/2) D:9           Sewer (visited)

Altars:
Ashenzari
Cheibriados
Dithmenos
Elyvilon
Fedhas
Gozag
Hepliaklqana
Kikubaaqudgha
Makhleb
Nemelex Xobeh
Okawaru
Qazlal
Ru
Sif Muna
Trog
Uskayaw
Vehumet
Wu Jian
Xom
Yredelemnul
Zin
The Shining One

Shops:
D:2 [   D:3 [

Annotations:
D:9 2 transporters, LorgeJukas's ghost, novice DrBe


Message History

You kill the water moccasin!
Fedhas appreciates your contribution to the ecosystem.
You feel sick.
The boulder beetle curls into a ball and begins rolling!
The cane toad misses you. The yak gores you but does no damage.
Unknown command.
You hit the yak but do no damage.
The yak looks even sicker.
The yak is moderately wounded.
You feel sick.
The boulder beetle looks more healthy.
The cane toad stings you!! The yak closely misses you. The yak misses you.
Unknown command.
You hit the cane toad.
The cane toad is lightly wounded.
You feel sick.
The cane toad stings you but does no damage.
The boulder beetle is struck by your briar patch's thorns.
The boulder beetle hits your briar patch!!!
Your briar patch is destroyed!
Your briar patch disappears in a puff of smoke!
The boulder beetle stops rolling and uncurls.
The yak barely misses you. The cane toad stings you!
* * * LOW HITPOINT WARNING * * *
The yak gores you!
* * * LOW HITPOINT WARNING * * *
Okay, then.
You feel sick.
You are no longer poisoned.
The boulder beetle waves its antennae.
The cane toad attacks as it pursues you!
The cane toad misses you.
There is a stone staircase leading down here.
Unknown command.
Okay, then.
Okay, then.
Unknown command.
As you read the scroll labelled ISTRUT LAMN, it crumbles to dust.
It is a scroll of amnesia.
You feel forgetful for a moment. The cane toad stings you!!
You die...
Fedhas appreciates your contribution to the ecosystem.

P###....#
#...## ##
#....# ###..#
#....# #P.###
###### ##...#
##.## ##.# #..#
########.##
#@YB......#
#FPY.....)#
#.P..†....#
......PP......#
#####.........#
##..#######
#..# ##.. #.+


You could see a boulder beetle, 2 yaks and a cane toad (ally target).

Vanquished Creatures
  3 two-headed ogres
  A deep troll (D:11)
  A deep elf archer (D:11)
  A deep elf pyromancer (D:11)
  3 cyclopes (D:11)
  An unseen horror (D:11)
  A komodo dragon (Lair:1)
  2 cane toads (Lair:1)
  2 kobold demonologists (D:11)
  3 trolls
  A polar bear (Lair:1)
  3 blink frogs (Lair:1)
  A glass eye (D:9)
  2 shadows (D:11)
  2 vampires
  A wraith (D:11)
  Eustachio (D:6)
  13 yaks
  Duvessa (D:7)
  6 water moccasins
  An ice beast (D:6)
  8 orc warriors
  3 sky beasts
  An ogre (D:4)
  4 centaurs
  14 kobold brigands
  A scorpion (D:7)
  3 bullfrogs
  A gnoll sergeant (D:6)
  12 wights
  Dowan (D:7)
  24 killer bees
  7 howler monkeys
  An iron imp (D:8)
  7 orc priests
  5 hounds
  2 jellies (D:6)
  A gnoll bouda (D:10)
  A sleepcap (D:6)
  5 orc wizards
  Ijyb (D:5)
  2 iguanas
  Robin (D:5)
  11 gnolls
  A river rat (Sewer)
  10 adders
  A shadow imp (D:6)
  2 white imps
  2 ufetubi (D:5)
  2 worms
  2 dart slugs (D:2)
  36 orcs
  9 bats
  6 endoplasms
  8 giant cockroaches
  11 goblins
  8 hobgoblins
  3 jackals (D:3)
  26 kobolds
  4 quokkas
  8 ball pythons
  5 frilled lizards
  7 rats
317 creatures vanquished.

Vanquished Creatures (collateral kills)
  A cane toad (Lair:1)
1 creature vanquished.

Grand Total: 318 creatures vanquished

Notes
Turn   | Place    | Note
-------+----------+-------------------------------------------
     0 | D:1      | Bnni the Deep Elf Hunter began the quest for the Orb.
     0 | D:1      | Reached XP level 1. HP: 12/12 MP: 3/3
   223 | D:1      | Reached XP level 2. HP: 17/17 MP: 4/4
   502 | D:1      | Reached skill level 6 in Ranged Weapons
  1024 | D:2      | Reached XP level 3. HP: 21/21 MP: 5/5
  1304 | D:2      | Found Olileir's Armour Emporium.
  1637 | D:3      | Found Ericeum's Armour Shop.
  1719 | D:3      | Reached XP level 4. HP: 27/27 MP: 6/6
  1749 | D:3      | Reached skill level 7 in Ranged Weapons
  1988 | D:4      | Reached XP level 5. HP: 31/31 MP: 7/7
  2032 | D:2      | Bought a +0 pair of boots for 45 gold pieces
  2032 | D:2      | Bought a +0 pair of gloves for 45 gold pieces
  2211 | D:4      | Found a stormy altar of Qazlal.
  2336 | D:4      | Found an opulent altar of Gozag.
  2462 | D:4      | Found a broken altar of Ashenzari.
  2475 | D:4      | Noticed an ogre
  2494 | D:4      | Killed an ogre
  2769 | D:5      | Entered Level 5 of the Dungeon
  2772 | D:5      | Reached skill level 8 in Ranged Weapons
  2808 | D:5      | Identified the +10 dagger "Vokuppi" {venom, rF+ Dex+3}
  2823 | D:5      | Reached XP level 6. HP: 37/37 MP: 6/8
  2863 | D:5      | Found a glowing drain.
  2885 | Sewer    | Entered a sewer
  3128 | Sewer    | Reached skill level 9 in Ranged Weapons
  3128 | Sewer    | Reached XP level 7. HP: 27/41 MP: 6/9
  3449 | Sewer    | Reached skill level 5 in Dodging
  3556 | Sewer    | Reached skill level 10 in Ranged Weapons
  3708 | Sewer    | Reached XP level 8. HP: 40/48 MP: 10/10
  3843 | D:5      | Noticed Ijyb
  3843 | D:5      | Noticed Robin
  3899 | D:5      | Killed Ijyb
  4819 | D:5      | Killed Robin
  4826 | D:5      | Reached skill level 11 in Ranged Weapons
  5109 | D:6      | Noticed Eustachio
  5177 | D:6      | Killed Eustachio
  5392 | D:6      | Reached skill level 5 in Fighting
  5493 | D:6      | Reached skill level 12 in Ranged Weapons
  5691 | D:6      | Reached XP level 9. HP: 54/54 MP: 11/11
  5723 | D:6      | Found an ornate altar of the Wu Jian Council.
  6353 | D:7      | Noticed Dowan
  6355 | D:7      | Noticed Duvessa
  6365 | D:7      | Killed Duvessa
  6370 | D:7      | Killed Dowan
  6375 | D:7      | Reached skill level 13 in Ranged Weapons
  6910 | D:7      | Found a staircase to the Ecumenical Temple.
  6919 | Temple   | Entered the Ecumenical Temple
  7004 | D:7      | You fall into a shaft and drop 2 floors!
  7053 | D:9      | Identified the +5 trident of Abuse {speed, Dex+2}
  7096 | D:9      | Found a transporter.
  7104 | D:9      | Found a bloodstained altar of Trog.
  7112 | D:9      | Found a transporter.
  7146 | D:8      | Noticed a two-headed ogre
  7165 | D:8      | Killed a two-headed ogre
  7166 | D:8      | Reached skill level 14 in Ranged Weapons
  7194 | D:8      | Found a staircase to the Lair.
  7287 | D:8      | Reached XP level 10. HP: 60/60 MP: 12/12
  8356 | D:8      | Reached skill level 15 in Ranged Weapons
  8616 | D:8      | Found a snail-covered altar of Cheibriados.
  8677 | D:9      | Noticed a tengu warrior
  8677 | D:9      | Noticed a two-headed ogre
  8688 | D:9      | Noticed a moth of wrath
  8690 | D:9      | Noticed LorgeJukas's ghost (novice DrBe)
  8783 | D:9      | Noticed a two-headed ogre
  8795 | D:9      | Killed a two-headed ogre
  9216 | D:9      | Noticed an oklob plant
  9216 | D:9      | Noticed an oklob plant
  9239 | D:9      | Found a staircase to the Orcish Mines.
  9276 | D:9      | Reached skill level 16 in Ranged Weapons
  9401 | D:9      | Reached skill level 10 in Dodging
  9568 | D:9      | Noticed an oklob plant
  9726 | D:10     | Entered Level 10 of the Dungeon
  9784 | D:10     | Noticed a two-headed ogre
  9807 | D:10     | Killed a two-headed ogre
  9808 | D:10     | Reached XP level 11. HP: 67/67 MP: 13/13
 10006 | D:10     | Found a shimmering altar of Xom.
 10007 | D:10     | Found a blossoming altar of Fedhas.
 10057 | D:10     | Became a worshipper of Fedhas Madash
 10226 | D:10     | Reached skill level 1 in Invocations
 10466 | D:10     | Reached * piety under Fedhas
 11236 | D:11     | Reached skill level 17 in Ranged Weapons
 11244 | D:11     | Reached skill level 5 in Invocations
 11245 | D:11     | Noticed a deep elf pyromancer
 11256 | D:11     | Killed a deep elf pyromancer
 11272 | D:11     | Noticed a deep elf archer
 11293 | D:11     | Killed a deep elf archer
 11577 | D:11     | Noticed a deep troll
 11591 | D:11     | Killed a deep troll
 11622 | D:11     | Noticed a two-headed ogre
 11634 | D:11     | Noticed a brown ugly thing
 11812 | Lair:1   | Entered Level 1 of the Lair of Beasts
 11855 | Lair:1   | Reached ** piety under Fedhas
 12212 | Lair:1   | Reached XP level 12. HP: 75/75 MP: 18/18
 12515 | Lair:1   | Noticed a boulder beetle
 12538 | Lair:1   | Mangled by a cane toad

Illustrated notes

Levels and vault maps discovered:
D:1:      dpeg_arrival_simpleton_c, layout_basic
D:2:      layout_loops_ring, serial_shops, nicolae_shop_hallway_stairs
D:3:      layout_basic, serial_shops, shop
D:4:      layout_basic, nicolae_qazlal_eye_of_the_storm, amcnicky_altar_gilded,
          nicolae_gozag_cash_rules_everything_around_me
D:5:      layout_layer_cave, portal_sewer_entry_f, nicolae_goblin_pals
D:6:      layout_basic, mainiacjoe_overflow_alcove_2, uniq_eustachio
D:7:      layout_basic, minmay_temple_entry_mist, uniq_duvessa
D:8:      layout_basic, slow_altar_2, dpeg_oklobed_lair, minivault_1
D:9:      layout_roguey, david_orc_1_choice, gammafunk_ghost_wrathful_warriors,
          disabler_island
D:10:     layout_basic, mainiacjoe_overflow_divided_tiny,
          kennysheep_big_empty_room
D:11:     nzn_winding_woodlands_large [nzn_winding_woodlands_5x5_cross,
          nzn_winding_woodlands_5x15_garden,
          nzn_winding_woodlands_5x5_open_star,
          nzn_winding_woodlands_center_garden,
          nzn_winding_woodlands_15x15_boxy_spiral,
          nzn_winding_woodlands_center_lodge, nzn_winding_woodlands_5x5_three,
          nzn_winding_woodlands_5x15_zeroes,
          nzn_winding_woodlands_5x5_checkerboard], layout_basic
Temple:   nicolae_temple_no_exploring_needed
Lair:1:   layout_roguey, serial_bayou_crossing

Skill      XL: |  1  2  3  4  5  6  7  8  9 10 11 12 |
---------------+-------------------------------------+-----
Fighting       | 2 3 4 5 6 7 8 |  8.5
Ranged Weapons | 6 7 8 9 10 12 14 16 17 | 17.4
Dodging        | 3 4 5 7 8 10 11 | 11.7
Invocations    | 6 7 |  7.1
Stealth        | |  1.2

Action                     |  1- 3 |  4- 6 |  7- 9 | 10-12 || total
---------------------------+-------+-------+-------+-------++-------
  Melee: Dagger            |       |    51 |   323 |   286 ||   660
         Punch             |       |       |     8 |     3 ||    11
   Fire: Shortbow          |   112 |    62 |    20 |       ||   194
         Orcbow            |       |       |       |   345 ||   345
  Throw: Dart              |       |       |     1 |     3 ||     4
 Invoke: Wall of Briars    |       |       |       |     1 ||     1
  Evoke: Wand              |       |       |       |     3 ||     3
    Use: Scroll            |       |     5 |     6 |     6 ||    17
         Potion            |       |       |     1 |     2 ||     3
   Stab: Sleeping          |       |     1 |     3 |     2 ||     6
         Distracted        |       |       |     1 |     1 ||     2
 Armour: Leather armour    |     2 |       |       |   155 ||   157
         Robe              |     3 |    28 |   128 |    22 ||   181
         Plate armour      |       |       |    10 |       ||    10
  Dodge: Dodged            |    16 |    42 |   288 |   404 ||   750

Table legend: (Time is in decaauts)
 A = Elapsed time spent in this place.
 B = Non-inter-level travel time spent in this place.
 C = Inter-level travel time spent in this place.
 D = Time resting spent in this place.
 E = Time spent auto-exploring this place.
 F = Levels seen in this place.
 G = Mean time per level.
                   A        B        C        D        E       F      G
               +--------+--------+--------+--------+--------+-----+--------+
         Total |  12609 |  12045 |    564 |   1155 |   8468 |  14 |  900.6 |
       Dungeon |  10972 |  10408 |    564 |   1067 |   7361 |  11 |  997.5 |
        Temple |      1 |      1 |      0 |      0 |      0 |   1 |    1.0 |
          Lair |    551 |    551 |      0 |      0 |    405 |   1 |  551.0 |
         Sewer |   1083 |   1083 |      0 |     88 |    702 |   1 | 1083.0 |
               +--------+--------+--------+--------+--------+-----+--------+

Top non-repeatable levels by time:
     D:7: 1470 daAuts
     D:9: 1370 daAuts
     D:5: 1358 daAuts
    D:10: 1170 daAuts
     D:6: 1100 daAuts
   Sewer: 1083 daAuts
     D:8: 1075 daAuts
     D:1: 954 daAuts
     D:4: 791 daAuts
     D:2: 719 daAuts
    D:11: 643 daAuts
  Lair:1: 551 daAuts
     D:3: 319 daAuts
  Temple: 1 daAuts
